 Dungeon Crawl Stone Soup version 0.21-a0-200-gb89f83b (webtiles) character file.

246 Lavandula the Ruffian (level 6, 0/50 HPs)
             Began as a Ghoul Warper on Aug 16, 2017.
             Slain by Purgy (3 damage)
             ... on level 4 of the Dungeon.
             The game lasted 00:11:00 (1355 turns).

Lavandula the Ruffian (Ghoul Warper)                Turns: 1355, Time: 00:11:01

Health: 0/50       AC:  4    Str: 15    XL:     6   Next: 11%
Magic:  7/7        EV: 12    Int:  8    God:
Gold:   108        SH:  0    Dex: 10    Spells: 4/8 levels left

rFire    . . .     SeeInvis .     - Unarmed
rCold    + . .     Gourm    .   (no shield)
rNeg     + + +     Faith    .   a - +0 leather armour
rPois    ∞         Spirit   .   k - +0 helmet
rElec    .         Reflect  .   (no cloak)
rCorr    .         Harm     .   (no gloves)
MR       .....                  (no boots)
Stlth    +.........             (no amulet)
HPRegen  0.00/turn              (no ring)
MPRegen  0.10/turn              (no ring)

@: rotting, slowed, very slow
A: rotting body, claws 1, carnivore 3, cold resistance 1, negative energy
resistance 3, inhibited regeneration, torment resistance, unbreathing
a: no special abilities


You were on level 4 of the Dungeon.
You were not hungry.

You visited 1 branch of the dungeon, and saw 4 of its levels.

You collected 108 gold pieces.

Inventory:

Missiles
 d - 2 tomahawks of dispersal (quivered)
Armour
 a - a +0 leather armour (worn)
 k - a +0 helmet (worn)
 m - a +0 chain mail
Jewellery
 n - a +3 ring of slaying {unknown}
 o - an uncursed ring of wizardry {unknown}
 q - an uncursed ring of protection from fire {unknown}
Wands
 g - a wand of polymorph (16/24)
Scrolls
 c - 2 scrolls of blinking
 h - a scroll of remove curse {unknown}
Potions
 i - a potion of lignification
 j - a potion of haste {unknown}
 l - 2 potions of mutation
 p - 2 potions of magic {unknown}
Books
 b - a book of Spatial Translocations

   Spells                             Type                      Level
   a - Blink                          Translocation                2
   b - Shroud of Golubria             Charms/Translocation         2
   c - Lesser Beckoning               Translocation                3
   d - Gell's Gravitas                Translocation                3
   e - Teleport Other                 Translocation                3
   f - Passage of Golubria            Translocation                4
Comestibles
 f - 2 meat rations


   Skills:
 - Level 2.8 Fighting
 - Level 0.8 Throwing
 - Level 0.8 Armour
 + Level 2.6 Dodging
 - Level 6.0 Unarmed Combat
 - Level 1.7 Spellcasting
 - Level 2.6 Translocations


You had 4 spell levels left.
You knew the following spells:

 Your Spells              Type           Power        Failure   Level  Hunger
a - Blink                 Tloc           N/A          22%         2    ###....
b - Shroud of Golubria    Chrm/Tloc      #.........   36%         2    ###....


Dungeon Overview and Level Annotations

Branches:
Dungeon (4/15)
 Temple: D:4-7

Altars:
Elyvilon
Wu Jian
The Shining One

Annotations:
D:4 Purgy


Innate Abilities, Weirdness & Mutations

Your body is rotting away.
You thrive on raw meat.
You are immune to poison.
You have sharp fingernails.
You are carnivorous and can eat meat at any time.
Your flesh is cold resistant. (rC+)
You are immune to negative energy. (rN+++)
You do not regenerate when monsters are visible.
You are immune to unholy pain and torment.
You can survive without breathing.


Message History

The orc wizard gestures wildly while chanting.
The orc wizard blinks!
The orc wizard hits you but does no damage.
The orc wizard casts a spell at you.
You feel yourself slow down. The orc wizard closely misses you.
There is a stone staircase leading up here.
You feel better. Purgy bites you.
* * * LOW HITPOINT WARNING * * *
Purgy closely misses you. Purgy claws you.
* * * LOW HITPOINT WARNING * * *
The orc wizard points at you and mumbles some strange words.
The magic dart hits you!
* * * LOW HITPOINT WARNING * * *
Okay, then.
Okay, then.
Evoke which item? (* to show all) (? for menu, Esc to quit)
Okay, then.
Purgy bites you.
You die...

#.##.....###......###..
#....<##
.._....#.....#(....###..
#.....##
#.##.##<###.#..........
##...... .. #.
#..#.###........##.##...#.
####..#.###.oo....##...##...#
#......##>...#..##..8..##...
##...##........##..8.8..##..
#..#.##..ooT### .8._.8. ###
#.........@...##..8.8..##).
#.#..#..........##..8..'#.).
####....##..#.#..## ##..##
#......######.#..## ##..###
##.#.#.# #.##...###..##
#####...# ## ##...#..## ##..#
###.#)## # ..# ####...# ##
#... ##.....## ##.


You could see Purgy, an orc wizard and 3 orcs.

Vanquished Creatures
  2 centaur skeletons
  Terence (D:2)
  An iguana (D:4)
  2 worker ants (D:3)
  A gnoll (D:3)
  3 adders
  An ooze (D:3)
  A worm (D:3)
  A dart slug (D:1)
  3 leopard geckos
  9 orcs
  2 bats (D:1)
  A goblin (D:1)
  4 kobolds
  2 quokkas (D:3)
  5 frilled lizards
  2 rats
41 creatures vanquished.

Notes
Turn   | Place    | Note
-------+----------+-------------------------------------------
     0 | D:1      | Lavandula the Ghoul Warper began the quest for the Orb.
     0 | D:1      | Reached XP level 1. HP: 17/17 MP: 2/2
   117 | D:1      | Reached XP level 2. HP: 24/24 MP: 3/3
   127 | D:1      | Reached skill level 3 in Unarmed Combat
   240 | D:2      | Noticed Terence
   249 | D:2      | Killed Terence
   249 | D:2      | Reached skill level 4 in Unarmed Combat
   249 | D:2      | Reached XP level 3. HP: 19/29 MP: 4/4
   255 | D:2      | Learned a level 2 spell: Blink
   258 | D:2      | Learned a level 2 spell: Shroud of Golubria
   375 | D:2      | Found a faded altar of an unknown god.
   416 | D:3      | Reached XP level 4. HP: 36/36 MP: 5/5
   523 | D:4      | Found a glowing golden altar of the Shining One.
   639 | D:3      | Reached skill level 5 in Unarmed Combat
   795 | D:4      | Reached XP level 5. HP: 14/42 MP: 6/6
   964 | D:3      | Reached skill level 6 in Unarmed Combat
  1161 | D:3      | Reached XP level 6. HP: 23/49 MP: 7/7
  1246 | D:4      | Found a white marble altar of Elyvilon.
  1246 | D:4      | Found an ornate altar of the Wu Jian Council.
  1275 | D:4      | Noticed Purgy
  1355 | D:4      | Slain by Purgy

Vault maps used:
D:1:      eino_arrival_water_cross, serial_forest, infiniplex_forest_lined_ring,
          infiniplex_forest_clump_curved, infiniplex_forest_lined_3,
          infiniplex_forest_end_2, infiniplex_forest_straight_2,
          infiniplex_forest_side_room, infiniplex_forest_clump_diagonal
D:2:      nicolae_dithmenos_shadow_blocks,
          chequers_ecumenical_altar_simple_redux, first_bread, st_stairs_8,
          uniq_terence
D:4:      old_standard_altar, lemuel_crystal_altar, minmay_temple_entry_hall,
          tso_metal_star, uniq_purgy

Skill      XL: |  1  2  3  4  5 |
---------------+----------------+-----
Unarmed Combat | 4 5 6 |  6.0
Dodging        | 2 |  2.6
Fighting       | |  2.8
Throwing       | |  0.8
Armour         | |  0.8
Spellcasting   | |  1.7
Translocations | |  2.6

Action                   |  1- 3 |  4- 6 || total
-------------------------+-------+-------++-------
Melee: Unarmed           |    52 |   157 ||   209
       Punch             |       |     2 ||     2
Throw: Tomahawk          |       |     3 ||     3
 Cast: Shroud of Golubri |       |     1 ||     1
  Use: Scroll            |       |     3 ||     3
       Potion            |       |     1 ||     1
  Eat: Chunk             |     5 |    21 ||    26
Armor: Leather armour    |    18 |    30 ||    48
Dodge: Dodged            |    27 |    92 ||   119
